 Dungeon Crawl Stone Soup version 0.31-a0-441-g867994ef1c (webtiles) character file.

Game seed: 6076735496600398197

2605 inmateoo the Insei (level 9, -7/69 HPs)
             Began as a Demonspawn Wanderer on Aug 2, 2023.
             Was a Follower of Cheibriados.
             Mangled by a two-headed ogre
             ... wielding a +0 dire flail
              (22 damage)
             ... on level 7 of the Dungeon.
             The game lasted 00:16:28 (7164 turns).

inmateoo the Insei (Demonspawn Wanderer)            Turns: 7164, Time: 00:16:29

Health: -7/69      AC:  5    Str: 15    XL:     9   Next: 33%
Magic:  5/16       EV: 13    Int: 21    God:    Cheibriados [*.....]
Gold:   260        SH:  5    Dex: 16    Spells: 12/17 levels left

rFire   . .          .
                       - Unarmed
rCold   . . .        (no shield)
rNeg    + . .        j - +0 leather armour {rN+}
rPois   .            (helmet currently unavailable)
rElec   .            b - melded +1 cloak
rCorr   .            (gloves currently unavailable)
SInv    .            (boots currently unavailable)
Will    .....        e - amulet of reflection
Stlth   ++           f - ring of wizardry
HPRegen 0.31/turn    h - ring of wizardry
MPRegen 0.15/turn

%: reflection, wizardry (x2)
@: beast-form, very slightly contaminated, invisible, very slow
A: beast (slay +0), antennae 1, icy blue scales 1, foul stench 1, demonic magic
2
a: Begin Untransformation, Renounce Religion, Bend Time


You were on level 7 of the Dungeon.
You worshipped Cheibriados.
Cheibriados was aware of your devotion.
You were a hulking beast.
You visited 2 branches of the dungeon, and saw 8 of its levels.

You collected 260 gold pieces.

Inventory:

Hand Weapons
 a - a +0 sling
Armour
 b - a +1 cloak (melded)
 j - a +0 leather armour of positive energy (worn)
 s - a +0 pair of boots of stealth
Jewellery
 e - an amulet of reflection (around neck)
 f - a ring of wizardry (left hand)
 h - a ring of wizardry (right hand)
 x - a ring of protection from cold
Talismans
 A - a beast talisman (active)
Wands
 q - a wand of iceblast (9)
 r - a wand of mindburst (1)
Scrolls
 g - 5 scrolls of teleportation
 i - 2 scrolls of vulnerability
 n - 2 scrolls of enchant armour
Potions
 k - 3 potions of curing
 l - a potion of might
 m - 2 potions of mutation
 o - a potion of brilliance
 p - a potion of attraction {unknown}
 t - 2 potions of resistance {unknown}
 u - 2 potions of magic
 v - 2 potions of degeneration {unknown}
 w - 3 potions of lignification {unknown}


   Skills:
 + Level 5.8 Fighting
 - Level 1.7 Ranged Weapons
 + Level 3.3 Dodging
 - Level 3.0 Stealth
 * Level 6.3 Unarmed Combat
 + Level 4.8 Spellcasting
 - Level 2.0 Summonings
 - Level 3.0 Fire Magic
 + Level 4.8 Invocations
 + Level 2.9 Evocations


You had 12 spell levels left.
You knew the following spells:

 Your Spells              Type           Power      Damage    Failure   Level
a - Foxfire               Conj/Fire      44%        2x1d6     2%          1
b - Summon Small Mammal   Summ           52%        N/A       1%          1
c - Call Canine Familiar  Summ           13%        N/A       5%          3

Your spell library contained the following spells:

 Spells                   Type           Power      Damage    Failure   Level
 Static Discharge         Conj/Air       10%        2-3/arc   5%          2
 Volatile Blastmotes      Fire/Tloc      22%        2d11      6%          3
 Ignite Poison            Fire/Tmut/Pois 9%         N/A       7%          3
 Summon Guardian Golem    Hex/Summ       9%         N/A       7%          3
 Stone Arrow              Conj/Erth      10%        3d7       11%         3
 Animate Armour           Summ/Erth      18%        N/A       22%         4
 Summon Lightning Spire   Summ/Air       9%         N/A       22%         4
 Airstrike                Air            2%         2d(1-17)  32%         4
 Lehudib's Crystal Spear  Conj/Erth      2%         10d2      100%        8


Dungeon Overview and Level Annotations

Branches:
Dungeon (7/15)             Temple (1/1) D:5

Altars:
Ashenzari
Cheibriados
Dithmenos
Fedhas
Hepliaklqana
Kikubaaqudgha
Makhleb
Nemelex Xobeh
Okawaru
Qazlal
Ru
Sif Muna
Trog
Uskayaw
Vehumet
Wu Jian
Xom
Yredelemnul

Shops:
D:5 (


Innate Abilities, Weirdness & Mutations

You are a hulking beast.
Your limbs bulge with bestial killing power. (Slay +0)
You have a pair of small antennae on your head.
You are partially covered in icy blue scales. (AC +2)
You may rarely emit foul miasma when damaged in melee.
Spells you cast may paralyse nearby enemies.


Message History

You see here a potion of magic.
You barely miss the ogre.
The ogre is moderately wounded.
Your hound bites the ogre.
The ogre closely misses you.
Your hound barely misses the ogre.
Your hound barely misses the ogre.
Your hound bites the ogre.
Your hound bites the ogre.
You hit the ogre. You punch the ogre.
You kill the ogre!
Cheibriados thoroughly appreciates the change of pace.
Your hound disappears in a puff of smoke!
Casting: Foxfire (safe; 2% risk of failure)
Confirm with . or Enter, or press ? or * to list all spells.
You miscast Call Canine Familiar.
You are very lightly contaminated with residual magic.
Nothing appears to happen.
The two-headed ogre attacks as you move away!
The two-headed ogre completely misses you.
The two-headed ogre hits you with a +0 giant spiked club!!
* * * LOW HITPOINT WARNING * * *
Okay, then.
You fade into invisibility!
You block the two-headed ogre's attack. The two-headed ogre closely misses you.
You feel much better.
You hit the two-headed ogre.
The two-headed ogre is lightly wounded.
The two-headed ogre hits you with a +0 dire flail!
The two-headed ogre hits you with a +0 giant spiked club!!
* * * LOW HITPOINT WARNING * * *
Unknown command.
You feel much better. You block the two-headed ogre's attack.
The two-headed ogre barely misses you.
You punch the two-headed ogre!
The two-headed ogre is lightly wounded.
You hit the two-headed ogre. Your punch misses the two-headed ogre.
The two-headed ogre is moderately wounded.
The two-headed ogre hits you with a +0 dire flail!
* * * LOW HITPOINT WARNING * * *
The two-headed ogre hits you with a +0 giant spiked club!!
You die...

#############
#.........h.#
#..########O# #..#
#.# # #..#
####)###### #
#..#####..!.!....# #
#..))..............#
#
#.)#####............
# #.)# #............
#
#..########...|##...


You could see a two-headed ogre (unable to see you).

Vanquished Creatures
  Pikel (D:6)
  2 black bears
  A sky beast (D:5)
  3 ice beasts
  2 ogres
  A phantom (D:6)
  A bullfrog (D:6)
  A gnoll sergeant (D:7)
  2 scorpions
  A jelly (D:6)
  4 killer bees
  4 hounds
  2 orc priests
  3 iguanas
  An orc wizard (D:7)
  A sleepcap (D:7)
  A nameless horror (D:4)
  6 adders
  3 gnolls (D:7)
  2 shadow imps
  5 white imps
  4 ufetubi
  3 worms
  3 dart slugs
  11 orcs
  5 ball pythons
  5 endoplasms
  2 giant cockroaches (D:3)
  6 goblins
  9 hobgoblins
  7 kobolds
  4 quokkas
  2 bats (D:1)
  4 frilled lizards
  8 rats
120 creatures vanquished.

Vanquished Creatures (collateral kills)
  2 black bears (D:5)
  A scorpion (D:5)
  An iguana (D:5)
  An orc wizard (D:7)
  4 gnolls (D:7)
  An orc (D:7)
  A goblin (D:4)
  A foxfire (D:1)
12 creatures vanquished.

Vanquished Creatures (others)
  284 foxfires
284 creatures vanquished.

Grand Total: 416 creatures vanquished

Notes
Turn   | Place    | Note
-------+----------+-------------------------------------------
     0 | D:1      | inmateoo the Demonspawn Wanderer began the quest for the
                  | Orb.
     0 | D:1      | inmateoo set off with the following items: a +0 sling, a +0
                  | cloak, a scroll of butterflies, a +0 robe; and the
                  | following spell memorised: Foxfire; and the following
                  | spells available to memorise: Volatile Blastmotes, Ignite
                  | Poison.
     0 | D:1      | Reached XP level 1. HP: 13/13 MP: 3/3
   227 | D:1      | Reached skill level 1 in Unarmed Combat
   272 | D:1      | Gained mutation: Spells you cast may paralyse adjacent
                  | enemies. [demonic ancestry]
   272 | D:1      | Reached XP level 2. HP: 20/20 MP: 3/5
   315 | D:1      | Found a faded altar of an unknown god.
   450 | D:1      | Learned a level 1 spell: Summon Small Mammal
   504 | D:1      | Reached skill level 1 in Fighting
   987 | D:2      | Gained mutation: You are partially covered in icy blue
                  | scales. (AC +2) [demonic ancestry]
   987 | D:2      | Reached XP level 3. HP: 26/26 MP: 0/6
  1065 | D:2      | Noticed a scorpion
  1095 | D:2      | Killed a scorpion
  1096 | D:2      | Reached skill level 2 in Unarmed Combat
  1096 | D:2      | Reached XP level 4. HP: 33/33 MP: 1/7
  1262 | D:2      | Found a basalt altar of Yredelemnul.
  2662 | D:3      | Reached skill level 3 in Unarmed Combat
  2697 | D:3      | Reached XP level 5. HP: 16/38 MP: 0/8
  3015 | D:4      | Noticed a black bear
  3029 | D:4      | Killed a black bear
  3030 | D:4      | Reached skill level 1 in Stealth
  3292 | D:3      | Learned a level 3 spell: Call Canine Familiar
  3877 | D:4      | Gained mutation: You may rarely emit foul miasma when
                  | damaged in melee. [demonic ancestry]
  3877 | D:4      | Reached XP level 6. HP: 46/46 MP: 7/10
  4139 | D:5      | Entered Level 5 of the Dungeon
  4418 | D:5      | Found a staircase to the Ecumenical Temple.
  4434 | Temple   | Entered the Ecumenical Temple
  4455 | Temple   | Became a worshipper of Cheibriados the Contemplative
  4548 | D:5      | Reached skill level 4 in Unarmed Combat
  4548 | D:5      | Reached skill level 1 in Summonings
  4638 | D:5      | Gained mutation: You have a pair of small antennae on your
                  | head. [demonic ancestry]
  4638 | D:5      | Reached XP level 7. HP: 47/52 MP: 5/12
  4757 | D:5      | Reached skill level 1 in Invocations
  5300 | D:5      | Found Sonoid's Antique Weapon Emporium.
  5370 | D:6      | Noticed Pikel
  5389 | D:5      | Reached skill level 5 in Unarmed Combat
  5505 | D:6      | Killed Pikel
  5506 | D:6      | Reached skill level 5 in Fighting
  5506 | D:6      | Gained mutation: Spells you cast may paralyse nearby
                  | enemies. [demonic ancestry]
  5506 | D:6      | Reached XP level 8. HP: 50/62 MP: 11/14
  6048 | D:6      | Reached * piety under Cheibriados
  6687 | D:7      | Reached XP level 9. HP: 68/68 MP: 11/15
  6795 | D:7      | Reached skill level 6 in Unarmed Combat
  7148 | D:7      | Noticed a two-headed ogre
  7164 | D:7      | Mangled by a two-headed ogre

Illustrated notes

Levels and vault maps discovered:
D:1:      minmay_arrival_hallway, layout_loops_ring,
          ebering_ecumenical_altar_petrified, minmay_pentomino_w2
D:2:      layout_loops_corners, basic_altar, chequers_big_river, corexii_shack,
          minivault_5
D:3:      layout_basic, minmay_misc_feat_chi, minmay_misc_feat_four_crosses,
          kennysheep_big_empty_room
D:4:      layout_gridville, serial_glass, glass_columns_a, glass_columns_a,
          glass_columns_c, glass_columns_a, glass_columns_a, glass_columns_a,
          glass_columns_c, glass_columns_a, glass_columns_a, glass_columns_c
D:5:      layout_loops_ring, minmay_temple_entry_junction, serial_shops,
          nicolae_shop_hallway_plus
D:6:      layout_gridville, uniq_pikel
D:7:      cheibrodos_fzero, layout_basic, serial_demonic, serial_demonic_e,
          serial_demonic_a, serial_demonic_g, serial_demonic_e
Temple:   mainiacjoe_temple_circle_huts

Skill      XL: |  1  2  3  4  5  6  7  8  9 |
---------------+----------------------------+-----
Unarmed Combat | 1 2 3 4 5 6 |  6.3
Fighting       | 1 2 3 5 |  5.8
Dodging        | 2 3 |  3.3
Stealth        | 1 2 3 |  3.0
Spellcasting   | 3 4 |  4.8
Summonings     | 1 2 |  2.0
Fire Magic     | 3 |  3.0
Invocations    | 3 4 |  4.8
Evocations     | 2 |  2.9
Ranged Weapons | |  1.7

Action                     |  1- 3 |  4- 6 |  7- 9 || total
---------------------------+-------+-------+-------++-------
  Melee: Unarmed           |    55 |   142 |   195 ||   392
         Punch             |     1 |     3 |    12 ||    16
   Fire: Sling             |     1 |       |       ||     1
   Cast: Foxfire           |    36 |    82 |    49 ||   167
         Call Canine Famil |       |     4 |    14 ||    18
         Summon Small Mamm |       |     1 |     1 ||     2
  Evoke: Wand              |       |       |     6 ||     6
    Use: Scroll            |     6 |    10 |     2 ||    18
         Potion            |       |       |     3 ||     3
   Stab: Paralysed         |     6 |    32 |    22 ||    60
         Sleeping          |       |     1 |     2 ||     3
 Armour: Robe              |     5 |       |       ||     5
         Leather armour    |     1 |    61 |    68 ||   130
  Dodge: Dodged            |    23 |    77 |   105 ||   205
  Block: Other             |    17 |    44 |    52 ||   113
         Reflection        |       |       |     1 ||     1
   Form: Beast             |       |       |     1 ||     1

Table legend: (Time is in decaauts)
 A = Elapsed time spent in this place.
 B = Non-inter-level travel time spent in this place.
 C = Inter-level travel time spent in this place.
 D = Time resting spent in this place.
 E = Time spent auto-exploring this place.
 F = Levels seen in this place.
 G = Mean time per level.
                   A        B        C        D        E       F      G
               +--------+--------+--------+--------+--------+-----+--------+
         Total |   7651 |   7383 |    268 |   1705 |   3951 |   8 |  956.4 |
       Dungeon |   7603 |   7382 |    221 |   1705 |   3951 |   7 | 1086.1 |
        Temple |     48 |      2 |     46 |      0 |      0 |   1 |   48.0 |
               +--------+--------+--------+--------+--------+-----+--------+

Top non-repeatable levels by time:
     D:6: 1519 daAuts
     D:2: 1313 daAuts
     D:5: 1292 daAuts
     D:4: 1222 daAuts
     D:3: 862 daAuts
     D:1: 842 daAuts
     D:7: 550 daAuts
  Temple: 48 daAuts
